 Dungeon Crawl Stone Soup version 0.29.1-2-gbd0b4ee654 (webtiles) character file.

Game seed: 4778202460149819592

9 zermelo the Sneak (level 2, -2/24 HPs)
             Began as a Formicid Delver on Nov 30, 2022.
             Slain by a hobgoblin (4 damage)
             ... on level 3 of the Dungeon.
             The game lasted 00:09:24 (574 turns).

zermelo the Sneak (Formicid Delver)                  Turns: 574, Time: 00:09:25

Health: -2/24      AC:  3    Str: 16    XL:     2   Next: 20%
Magic:  2/2        EV: 12    Int:  9    God:
Gold:   29         SH:  0    Dex: 15    Spells: 1/1 levels left

rFire   . . .      SeeInvis +   a - +0 hand axe
rCold   . . .      Faith    .   (no shield)
rNeg    . . .      Spirit   .   b - +0 leather armour
rPois   .          Reflect  .   (helmet unavailable)
rElec   .          Harm     .   (no cloak)
rCorr   .          Rampage  .   (no gloves)
Will    .....                   (no boots)
Stlth   +++.......              (no amulet)
HPRegen 0.08/turn               (no ring)
MPRegen 0.08/turn               (no ring)

@: no status effects
A: permanent stasis, dig shafts and tunnels, antennae 3, four strong arms
a: Dig, Shaft Self


You were on level 3 of the Dungeon.
You visited 1 branch of the dungeon, and saw 3 of its levels.

You collected 29 gold pieces.

Inventory:

Hand Weapons
 a - a +0 hand axe (weapon)
 h - a +0 flail
Armour
 b - a +0 leather armour (worn)
Wands
 f - a wand of digging (3)
Scrolls
 c - a scroll of fog
 d - a scroll of magic mapping
 g - a scroll of enchant armour {unknown}
 i - a scroll of teleportation {unknown}
 j - a scroll of identify {unknown}
Potions
 e - a potion of mutation {unknown}


   Skills:
 - Level 3.2 Fighting
 + Level 2.8 Axes
 - Level 1.7 Dodging
 - Level 6.0 Stealth


You had one spell level left.
You didn't know any spells.
Your spell library contained the following spells:

 Spells                   Type           Power      Damage    Failure   Level
 Slow                     Hex            0%         N/A       45%         1
 Confusing Touch          Hex            0%         N/A       83%         3
 Vampiric Draining        Necr           0%         2d6       83%         3


Dungeon Overview and Level Annotations

Branches:
Dungeon (5/15)
 Temple: D:4-7

Altars:

Annotations:
D:3 Ijyb, Sigmund


Innate Abilities, Weirdness & Mutations

You cannot be hasted, slowed, berserked, paralysed or teleported.
You can dig through walls and to a lower floor.
You have a pair of large antennae on your head. (SInv)
Your four strong arms can wield two-handed weapons with a shield.


Message History

You see here a frilled lizard corpse.
You start resting.
You sense a monster nearby.
You start resting.
HP restored.
j - a scroll labelled EBIARR IMETYKI You see here a +0 robe.
A hobgoblin comes into view.
The hobgoblin shouts!
Found a chain mail.
Found a stone staircase leading up.
A quokka comes into view.
The hobgoblin closely misses you.
You barely miss the hobgoblin. The hobgoblin misses you.
The hobgoblin completely misses you.
You barely miss the hobgoblin.
The hobgoblin hits you but does no damage.
You hit the hobgoblin but do no damage. The hobgoblin barely misses you.
You hit the hobgoblin but do no damage.
The hobgoblin hits you but does no damage.
You barely miss the hobgoblin. The hobgoblin barely misses you.
You barely miss the hobgoblin. The hobgoblin hits you. x2
You barely miss the hobgoblin. The hobgoblin hits you.
You hit the quokka.
The quokka is severely wounded.
You hit the hobgoblin. The quokka bites you. The hobgoblin barely misses you.
You miss the quokka.
The quokka is severely wounded.
You hit the hobgoblin. The quokka bites you. The hobgoblin hits you.
* * * LOW HITPOINT WARNING * * *
You closely miss the hobgoblin.
The hobgoblin is almost dead.
You barely miss the quokka. The quokka closely misses you.
The hobgoblin hits you.
* * * LOW HITPOINT WARNING * * *
The quokka barely misses you.
You miss the quokka.
The quokka is heavily wounded.
You barely miss the hobgoblin. The hobgoblin hits you.
You die...

..[... ..... ##....
########....
.........#.#
#######....#
##...########### ##
##.........g@r<.# .#
#...###########....#
.# #.#.# #...# .#
#...# #.. .## #..##
# ..###..# #.#...##
#.#...# #.#.###


You could see a quokka and a hobgoblin.

Vanquished Creatures
  A dart slug (D:3)
  An endoplasm (D:3)
  2 giant cockroaches (D:3)
  A hobgoblin (D:3)
  A frilled lizard (D:3)
6 creatures vanquished.

Notes
Turn   | Place    | Note
-------+----------+-------------------------------------------
     0 | D:5      | zermelo the Formicid Delver began the quest for the Orb.
     0 | D:5      | Reached XP level 1. HP: 18/18 MP: 1/1
    62 | D:3      | Noticed Sigmund
   421 | D:3      | Reached XP level 2. HP: 19/24 MP: 2/2
   440 | D:3      | Noticed Ijyb
   574 | D:3      | Slain by a hobgoblin

Illustrated notes

Levels and vault maps discovered:
D:3:      layout_rooms, uniq_ijyb, uniq_sigmund, uniq_crazy_yiuf_cottage,
          uniq_grinder
D:4:      layout_basic, serial_shops, nicolae_shop_trees, uniq_edmund,
          uniq_duvessa, uniq_blork_the_orc
D:5:      kennysheep_big_flooded_room, layout_basic, minmay_temple_entry_waves,
          minmay_increasing_density

Action                   || total
-------------------------++-------
Melee: Hand axe          ||    23
  Use: Scroll            ||     1
 Stab: Sleeping          ||     2
Armor: Leather armour    ||     3
Dodge: Dodged            ||     9
